Match 45966491
Unlisted

Match 45966491
End
Vickers Machine Gun Team
Construct Section Command Post
Dingo Light Scout Car
Infantry Section
Infantry Section
Selects Indian Artillery Battlegroup
Selects Towed ML 4.2-inch Heavy Mortar
Towed ML 4.2-inch Heavy Mortar
Construct Platoon Command Post
Selects Valour
Towed ML 4.2-inch Heavy Mortar
6-pounder Anti-tank Gun Team
Selects Gurkha Rifles Section
Gurkha Rifles Section
Construct Company Command Post
Gurkha Rifles Section
Unlock M3 Grant Medium Tanks
Unlock Towed 17-pounder Anti-tank Guns
Selects Volunteer Infantry
M3 Grant Medium Tank
Gurkha Rifles Section
Construct Field Infirmary
17-pounder Anti-tank Gun Team
Royal Engineer Section
Selects Off-map Airburst Barrage
Off-map Airburst Barrage
M3 Grant Medium Tank
Selects BL5.5 Artillery Emplacement
M3 Grant Medium Tank
Armored Vehicle Training
Off-map Airburst Barrage
M3 Grant Medium Tank
Off-map Airburst Barrage
Off-map Airburst Barrage
Gurkha Rifles Section
M3 Grant Medium Tank
Off-map Airburst Barrage
M3 Grant Medium Tank
CMP 15cwt Truck
Off-map Airburst Barrage
Profile Name
Marti Mansen
smutzig
Husar
KinnKyy
32Carnage
0
0

Comments sign in to comment!

No comments posted yet!